 Dungeon Crawl Stone Soup version 0.30.0 (webtiles) character file.

Game seed: 17005453347137383074

34 Minorbread the Magician (level 3, -1/19 HPs)
             Began as a Deep Elf Earth Elementalist on May 24, 2023.
             Slain by Robin
             ... wielding a +1 short sword of holy wrath
              (3 damage)
             ... on level 2 of the Dungeon.
             The game lasted 00:01:52 (1229 turns).

Minorbread the Magician (DEEE)                      Turns: 1229, Time: 00:01:53

Health: -1/19      AC:  2    Str:  5    XL:     3   Next: 14%
Magic:  16/19      EV: 12    Int: 21    God:
Gold:   85         SH:  0    Dex: 15    Spells: 5/9 levels left

rFire   . . .        (no weapon)
rCold   . . .        (no shield)
rNeg    + . .        a - +0 robe
rPois   .            (no helmet)
rElec   .            (no cloak)
rCorr   .            (no gloves)
SInv    .            (no boots)
Will    .....        (no amulet)
Stlth   ++           d - ring of magical power
HPRegen 0.23/turn    l - ring of positive energy
MPRegen 0.16/turn

%: no passive effects
@: no status effects
A: no striking features
a: no special abilities


You were on level 2 of the Dungeon.
You visited 1 branch of the dungeon, and saw 2 of its levels.

You collected 85 gold pieces.

Inventory:

Armour
 a - a +0 robe (worn)
 m - a +0 pair of gloves
Jewellery
 d - a ring of magical power (left hand)
 l - a ring of positive energy (right hand)
Scrolls
 c - 2 scrolls of enchant weapon {unknown}
 g - a scroll of fog {unknown}
 h - 3 scrolls of teleportation {unknown}
 i - 3 scrolls of identify {unknown}
 n - a scroll of magic mapping {unknown}
Potions
 b - a potion of magic
 e - a potion of berserk rage {unknown}
 f - a potion of degeneration {unknown}
 j - a potion of attraction {unknown}
 k - 2 potions of flight {unknown}


   Skills:
 - Level 2.4 Dodging
 - Level 2.4 Stealth
 + Level 3.9 Spellcasting
 - Level 2.0 Transmutations
 + Level 3.8 Earth Magic


You had 5 spell levels left.
You knew the following spells:

 Your Spells              Type           Power      Damage    Failure   Level
a - Sandblast             Erth           40%        2d10      2%          1
b - Stone Arrow           Conj/Erth      24%        3d8       17%         3

Your spell library contained the following spells:

 Spells                   Type           Power      Damage    Failure   Level
 Passwall                 Tmut/Erth      13%        N/A       5%          2
 Blink                    Tloc           8%         N/A       19%         2
 Lesser Beckoning         Tloc           8%         N/A       19%         2
 Momentum Strike          Conj/Tloc      8%         3d8       19%         2
 Gell's Gravitas          Tloc           4%         N/A       36%         3
 Teleport Other           Tloc           4%         N/A       36%         3
 Petrify                  Tmut/Erth      16%        N/A       36%         4


Dungeon Overview and Level Annotations

Branches:
Dungeon (2/15)

Altars:

Annotations:
D:2 Robin


Message History

Something unseen breaks down the door.
Robin says, "Feeling lonely?"
Robin throws the goblin at you! The goblin hits you with a +0 club.
There is an open door here.
You hit the goblin but do no damage. The goblin barely misses you.
The goblin hits you with a +0 club.
Casting: Sandblast (safe; 2% risk of failure)
Confirm with . or Enter, or press ? or * to list all spells.
Aiming: Sandblast (safe; 2% risk of failure)
Press: ? - help, Shift-Dir - straight line, f - goblin
Aim: a goblin, wielding a +0 club (strong, 79% to hit)
The blast of sand hits the goblin!
You kill the goblin!
Casting: Sandblast (safe; 2% risk of failure)
Confirm with . or Enter, or press ? or * to list all spells.
Aiming: Sandblast (safe; 2% risk of failure)
Press: ? - help, Shift-Dir - straight line, f - Robin
Aim: Robin, wielding a +1 short sword of holy wrath, wearing a +0 animal skin and wearing a +2 helmet (87% to hit)
The blast of sand hits Robin.
Robin is moderately wounded.
Robin closely misses you.
Casting: Sandblast (safe; 2% risk of failure)
Confirm with . or Enter, or press ? or * to list all spells.
Aiming: Sandblast (safe; 2% risk of failure)
Press: ? - help, Shift-Dir - straight line, f/p - Robin
Aim: Robin, wielding a +1 short sword of holy wrath, wearing a +0 animal skin and wearing a +2 helmet (moderately wounded, 87% to hit)
The blast of sand hits Robin.
Robin is heavily wounded.
Robin barely misses you.
Robin hits you with a +1 short sword of holy wrath.
* * * LOW HITPOINT WARNING * * *
Casting: Sandblast (safe; 2% risk of failure)
Confirm with . or Enter, or press ? or * to list all spells.
Aiming: Sandblast (safe; 2% risk of failure)
Press: ? - help, Shift-Dir - straight line, f/p - Robin
Aim: Robin, wielding a +1 short sword of holy wrath, wearing a +0 animal skin and wearing a +2 helmet (heavily wounded, 87% to hit)
The blast of sand hits Robin.
Robin is severely wounded.
Robin hits you with a +1 short sword of holy wrath.
You die...

############
........g..#
#.#####'##g##
##.##..######
##...##......# .
##+##.....##'###.# #.
##...##...##g).##
#.##.....##.##.@...##
#''†...)..''#.......#
#.##..)..##.##.....##
##...##...##...##
##g##)....##'##
#g..##...##...##
#.....##.##.....##
#.......#''...8...#
##.....##.##.....##


You could see Robin.

Vanquished Creatures
  A worm (D:2)
  2 dart slugs (D:1)
  2 bats (D:1)
  An endoplasm (D:1)
  6 goblins
  2 hobgoblins (D:1)
  A quokka (D:1)
  3 ball pythons (D:2)
  A frilled lizard (D:1)
  4 kobolds
  2 rats (D:1)
25 creatures vanquished.

Notes
Turn   | Place    | Note
-------+----------+-------------------------------------------
     0 | D:1      | Minorbread the Deep Elf Earth Elementalist began the quest
                  | for the Orb.
     0 | D:1      | Reached XP level 1. HP: 10/10 MP: 6/6
   206 | D:1      | Reached XP level 2. HP: 15/15 MP: 8/8
   959 | D:2      | Noticed Robin
  1162 | D:2      | Reached XP level 3. HP: 19/19 MP: 10/10
  1184 | D:2      | Learned a level 3 spell: Stone Arrow
  1229 | D:2      | Slain by Robin

Illustrated notes

Levels and vault maps discovered:
D:1:      minmay_arrival_stair_chambers, layout_loops_ring, nrook_campfire
D:2:      layout_loops_cross, nicolae_hexahallways, uniq_robin

Skill      XL: |  1  2 |
---------------+-------+-----
Transmutations | 2 |  2.0
Dodging        | |  2.4
Stealth        | |  2.4
Spellcasting   | |  3.9
Earth Magic    | |  3.8

Action                     || total
---------------------------++-------
  Melee: Unarmed           ||     1
   Cast: Sandblast         ||    37
 Armour: Robe              ||     1
  Dodge: Dodged            ||     8
